SAA
PROVIDENCE PILGRIMS @ SQUIRREL HILL PIEROGIS
05/10/2048
 
TOP OF THE 1ST
Providence Pilgrims batting - Pitching for Squirrel Hill Pierogis : RHP Mike Holmes
Pitching: RHP Mike Holmes
Batting: LHB Tse-peng Yei 0-0: Ball
1-0: Ball
2-0: Ball
3-0: Called Strike
3-1: Foul Ball, location: 2F
3-2: DOUBLE (Line Drive, 9LM, EV 106.9 MPH)
Batting: LHB Ramón Ortíz 0-0: Ball
1-0: Ball
2-0: Ball
3-0: Called Strike
3-1: Swinging Strike
3-2: Foul Ball, location: 2F
3-2: Base on Balls
Batting: RHB Robert Rodríguez 0-0: Ball
1-0: Fly out, F9 (Flyball, 9D, EV 86.9 MPH)
Runner from 2nd tags up, SAFE at 3rd, no throw by RF
Batting: RHB Brody King 0-0: Called Strike
Ramón Ortíz steals 2nd, throwing error, E2
Tse-peng Yei scores
Ramón Ortíz to third
0-1: Foul Ball, location: 2F
0-2: Ball
1-2: Fly out, F3 (Line Drive, 3, EV 65.0 MPH)
Batting: SHB Abdoulaye Shaik 0-0: Ball
1-0: Called Strike
1-1: Ball
2-1: DOUBLE (Flyball, 78D, EV 111.9 MPH)
Ramón Ortíz scores
Batting: RHB Hendri Roos 0-0: Ball
1-0: Called Strike
1-1: Swinging Strike
1-2: Ground out 6-3 (Groundball, 6, EV 84.4 MPH)
Top of the 1st over - 2 runs, 2 hits, 1 error, 1 left on base; Providence 2 - Squirrel Hill 0
BOTTOM OF THE 1ST
Squirrel Hill Pierogis batting - Pitching for Providence Pilgrims : RHP César Sandoval
Pitching: RHP César Sandoval
Batting: RHB Piedade Regueir 0-0: Ball
1-0: Swinging Strike
1-1: Ball
2-1: Ball
3-1: Base on Balls
Batting: RHB Kane Blackwood 0-0: Foul Ball, location: 2F
0-1: SINGLE (Groundball, 56D, EV 105.6 MPH) (infield hit)
Piedade Regueir to second
Batting: RHB Tao Kaukini 0-0: Ball
1-0: Ball
2-0: Fly out, F3 (Flyball, 34D, EV 70.0 MPH)
Batting: SHB Ramón Marino 0-0: Swinging Strike
0-1: Ball
1-1: Called Strike
1-2: Strikes out looking
Batting: RHB Francisco Féliz 0-0: Ball
1-0: Ball
2-0: Ball
3-0: Called Strike
3-1: Swinging Strike
3-2: Fly out, F8 (Flyball, 8RXD, EV 105.0 MPH)
Bottom of the 1st over - 0 runs, 1 hit, 0 errors, 2 left on base; Providence 2 - Squirrel Hill 0
TOP OF THE 2ND
Providence Pilgrims batting - Pitching for Squirrel Hill Pierogis : RHP Mike Holmes
Batting: RHB Ryan Sánchez 0-0: Ball
1-0: SINGLE (Groundball, 4S, EV 73.8 MPH) (infield hit)
Batting: LHB Scott Hines 0-0: Ball
1-0: Called Strike
1-1: Called Strike
1-2: Strikes out swinging
Batting: RHB Bruno Brewster 0-0: Ball
Ryan Sánchez steals 2nd base
1-0: Foul Ball, location: 2F
1-1: Ball
2-1: Ball
3-1: Base on Balls
Batting: LHB Tse-peng Yei 0-0: Ball
1-0: Called Strike
1-1: Ball
2-1: Foul Ball, location: 2F
2-2: Foul Ball, location: 2F
2-2: Foul Ball, location: 2F
2-2: Foul Ball, location: 2F
2-2: Strikes out swinging
Batting: LHB Ramón Ortíz 0-0: Ball
Wild Pitch!
Ryan Sánchez to third
Bruno Brewster to second
1-0: Fly out, F7 (Flyball, 78D, EV 78.8 MPH)
Top of the 2nd over - 0 runs, 1 hit, 0 errors, 2 left on base; Providence 2 - Squirrel Hill 0
BOTTOM OF THE 2ND
Squirrel Hill Pierogis batting - Pitching for Providence Pilgrims : RHP César Sandoval
Batting: RHB Nicolae Ispas 0-0: Foul Ball, location: 2F
0-1: Called Strike
0-2: Foul Ball, location: 2F
0-2: Ball
1-2: Ball
2-2: Ball
3-2: Fly out, F4 (Popup, 34D, EV 68.8 MPH)
Batting: RHB Chris Jones 0-0: Ball
1-0: Ball
2-0: Ball
3-0: Called Strike
3-1: Fly out, F4 (Popup, 4D, EV 62.5 MPH)
Batting: SHB John Clay 0-0: Ball
1-0: Ball
2-0: Ground out U3 (Groundball, 3, EV 87.5 MPH)
Bottom of the 2nd over - 0 runs, 0 hits, 0 errors, 0 left on base; Providence 2 - Squirrel Hill 0
TOP OF THE 3RD
Providence Pilgrims batting - Pitching for Squirrel Hill Pierogis : RHP Mike Holmes
Batting: RHB Robert Rodríguez 0-0: Ball
1-0: Ball
2-0: Swinging Strike
2-1: Ball
3-1: Fly out, F9 (Flyball, 89D, EV 101.9 MPH)
Batting: RHB Brody King 0-0: Called Strike
0-1: Ball
1-1: Ball
2-1: Ground out 6-3 (Groundball, 56D, EV 86.2 MPH)
Batting: SHB Abdoulaye Shaik 0-0: Called Strike
0-1: Ground out 1-3 (Groundball, P, EV 73.1 MPH)
Top of the 3rd over - 0 runs, 0 hits, 0 errors, 0 left on base; Providence 2 - Squirrel Hill 0
BOTTOM OF THE 3RD
Squirrel Hill Pierogis batting - Pitching for Providence Pilgrims : RHP César Sandoval
Batting: RHB Dave Hall 0-0: Foul Ball, location: 2F
0-1: Fly out, F8 (Flyball, 8RD, EV 101.9 MPH)
Batting: RHB Piedade Regueir 0-0: Ball
1-0: Ball
2-0: Called Strike
2-1: Fly out, F9 (Flyball, 9, EV 96.2 MPH)
Batting: RHB Kane Blackwood 0-0: Ball
1-0: Foul Ball, location: 2F
1-1: Called Strike
1-2: Ground out 2-3 (Groundball, 2L, EV 68.1 MPH)
Bottom of the 3rd over - 0 runs, 0 hits, 0 errors, 0 left on base; Providence 2 - Squirrel Hill 0
TOP OF THE 4TH
Providence Pilgrims batting - Pitching for Squirrel Hill Pierogis : RHP Mike Holmes
Batting: RHB Hendri Roos 0-0: Ball
1-0: SINGLE (Line Drive, 4MD, EV 98.1 MPH)
Batting: RHB Ryan Sánchez 0-0: Foul Ball, location: 2F
0-1: Ball
1-1: Ball
2-1: Foul Ball, location: 2F
2-2: Ball
3-2: Foul Ball, location: 2F
3-2: SINGLE (Groundball, 5S, EV 73.8 MPH) (infield hit)
Hendri Roos to second
Batting: LHB Scott Hines 0-0: Ball
1-0: Called Strike
1-1: Ball
2-1: Fielders Choice at 2nd, 5-4 (Groundball, 56, EV 91.2 MPH)
Hendri Roos to third
Batting: RHB Bruno Brewster 0-0: Called Strike
0-1: Fly out, F9 (Flyball, 9S, EV 80.6 MPH)
Batting: LHB Tse-peng Yei 0-0: Ball
1-0: Fly out, F6 (Line Drive, 6, EV 70.6 MPH)
Top of the 4th over - 0 runs, 2 hits, 0 errors, 2 left on base; Providence 2 - Squirrel Hill 0
BOTTOM OF THE 4TH
Squirrel Hill Pierogis batting - Pitching for Providence Pilgrims : RHP César Sandoval
Batting: RHB Tao Kaukini 0-0: Called Strike
0-1: Ball
1-1: Called Strike
1-2: Foul Ball, location: 2F
1-2: Strikes out swinging
Batting: SHB Ramón Marino 0-0: Swinging Strike
0-1: Swinging Strike
0-2: Strikes out swinging
Batting: RHB Francisco Féliz 0-0: Fly out, F4 (Popup, 13S, EV 80.6 MPH)
Bottom of the 4th over - 0 runs, 0 hits, 0 errors, 0 left on base; Providence 2 - Squirrel Hill 0
TOP OF THE 5TH
Providence Pilgrims batting - Pitching for Squirrel Hill Pierogis : RHP Mike Holmes
Batting: LHB Ramón Ortíz 0-0: Ball
1-0: Ball
2-0: Ground out 6-3 (Groundball, 6, EV 101.9 MPH)
Batting: RHB Robert Rodríguez 0-0: Ball
1-0: Ground out 5-3 (Groundball, 56, EV 85.6 MPH)
Batting: RHB Brody King 0-0: Ball
1-0: Called Strike
1-1: Swinging Strike
1-2: Ball
2-2: Foul Ball, location: 2F
2-2: Ground out U3 (Groundball, 3, EV 100.6 MPH)
Top of the 5th over - 0 runs, 0 hits, 0 errors, 0 left on base; Providence 2 - Squirrel Hill 0
BOTTOM OF THE 5TH
Squirrel Hill Pierogis batting - Pitching for Providence Pilgrims : RHP César Sandoval
Batting: RHB Nicolae Ispas 0-0: Called Strike
0-1: Ball
1-1: Ball
2-1: Ground out 6-3 (Groundball, 6, EV 87.5 MPH)
Batting: RHB Chris Jones 0-0: Ball
1-0: Called Strike
1-1: Fly out, F8 (Flyball, 8LXD, EV 95.6 MPH)
Batting: SHB John Clay 0-0: Ball
1-0: Ball
2-0: Ground out 4-3 (Groundball, 4MD, EV 104.4 MPH)
Bottom of the 5th over - 0 runs, 0 hits, 0 errors, 0 left on base; Providence 2 - Squirrel Hill 0
TOP OF THE 6TH
Providence Pilgrims batting - Pitching for Squirrel Hill Pierogis : RHP Mike Holmes
Batting: SHB Abdoulaye Shaik 0-0: Ball
1-0: Ground out U3 (Groundball, 34, EV 83.8 MPH)
Batting: RHB Hendri Roos 0-0: Fly out, F8 (Flyball, 8RM, EV 86.9 MPH)
Batting: RHB Ryan Sánchez 0-0: Called Strike
0-1: Foul Ball, location: 2F
0-2: Ball
1-2: Foul Ball, location: 2F
1-2: Fly out, F7 (Flyball, 7, EV 75.6 MPH)
Top of the 6th over - 0 runs, 0 hits, 0 errors, 0 left on base; Providence 2 - Squirrel Hill 0
BOTTOM OF THE 6TH
Squirrel Hill Pierogis batting - Pitching for Providence Pilgrims : RHP César Sandoval
Batting: RHB Dave Hall 0-0: Ground out 6-3 (Groundball, 56D, EV 105.6 MPH)
Batting: RHB Piedade Regueir 0-0: Fly out, F7 (Flyball, 78D, EV 99.4 MPH)
Batting: RHB Kane Blackwood 0-0: Ball
1-0: Ball
2-0: Called Strike
2-1: Ball
3-1: Base on Balls
Batting: RHB Tao Kaukini 0-0: Called Strike
0-1: Ball
1-1: Called Strike
Kane Blackwood is caught stealing 2nd base 2-4
Bottom of the 6th over - 0 runs, 0 hits, 0 errors, 0 left on base; Providence 2 - Squirrel Hill 0
TOP OF THE 7TH
Providence Pilgrims batting - Pitching for Squirrel Hill Pierogis : RHP Mike Holmes
Batting: LHB Scott Hines 0-0: Ball
1-0: Called Strike
1-1: Foul Ball, location: 2F
1-2: Ball
2-2: Strikes out swinging
Batting: RHB Bruno Brewster 0-0: Fly out, F9 (Flyball, 9, EV 73.8 MPH)
Batting: LHB Tse-peng Yei 0-0: Ball
1-0: Ball
2-0: Ground out 5-3 (Groundball, 5, EV 87.5 MPH)
Top of the 7th over - 0 runs, 0 hits, 0 errors, 0 left on base; Providence 2 - Squirrel Hill 0
BOTTOM OF THE 7TH
Squirrel Hill Pierogis batting - Pitching for Providence Pilgrims : RHP César Sandoval
Batting: RHB Tao Kaukini 0-0: Foul Ball, location: 2F
0-1: Ground out 1-3 (Groundball, 13S, EV 70.6 MPH)
Batting: SHB Ramón Marino 0-0: Ball
1-0: Called Strike
1-1: Called Strike
1-2: Fly out, F5 (Popup, 25F, EV 92.5 MPH)
Batting: RHB Francisco Féliz 0-0: Called Strike
0-1: Ball
1-1: Foul Ball, location: 2F
1-2: Ground out 6-3 (Groundball, 6, EV 110.0 MPH)
Bottom of the 7th over - 0 runs, 0 hits, 0 errors, 0 left on base; Providence 2 - Squirrel Hill 0
TOP OF THE 8TH
Providence Pilgrims batting - Pitching for Squirrel Hill Pierogis : RHP Mike Holmes
Pitching: LHP Jack Herer
Batting: LHB Ramón Ortíz 0-0: Called Strike
0-1: Ball
1-1: Ground out 6-3 (Groundball, 56, EV 100.6 MPH)
Batting: RHB Robert Rodríguez 0-0: Ball
1-0: Called Strike
1-1: Fly out, F6 (Line Drive, 6, EV 72.5 MPH)
Batting: RHB Brody King 0-0: TRIPLE (Line Drive, 89XD, EV 109.4 MPH)
Batting: SHB Abdoulaye Shaik 0-0: Foul Ball, location: 2F
0-1: Ball
1-1: Foul Ball, location: 2F
1-2: Foul Ball, location: 2F
1-2: Fly out, F8 (Flyball, 89M, EV 82.5 MPH)
Top of the 8th over - 0 runs, 1 hit, 0 errors, 1 left on base; Providence 2 - Squirrel Hill 0
BOTTOM OF THE 8TH
Squirrel Hill Pierogis batting - Pitching for Providence Pilgrims : RHP César Sandoval
Batting: RHB Nicolae Ispas 0-0: Foul Ball, location: 2F
0-1: Foul Ball, location: 2F
0-2: Ball
1-2: Foul Ball, location: 2F
1-2: Ball
2-2: Fly out, F7 (Flyball, 7, EV 95.0 MPH)
Batting: RHB Chris Jones 0-0: Foul Ball, location: 2F
0-1: Swinging Strike
0-2: Foul Ball, location: 2F
0-2: Foul Ball, location: 2F
0-2: Strikes out swinging
Batting: SHB John Clay 0-0: Ball
1-0: Called Strike
1-1: Ball
2-1: Ball
3-1: Ground out 3-1 (Groundball, 34, EV 78.8 MPH)
Bottom of the 8th over - 0 runs, 0 hits, 0 errors, 0 left on base; Providence 2 - Squirrel Hill 0
TOP OF THE 9TH
Providence Pilgrims batting - Pitching for Squirrel Hill Pierogis : LHP Jack Herer
Batting: RHB Hendri Roos 0-0: Called Strike
0-1: Ball
1-1: Ball
2-1: Called Strike
2-2: Foul Ball, location: 2F
2-2: Foul Ball, location: 2F
2-2: Strikes out swinging
Batting: RHB Ryan Sánchez 0-0: Called Strike
0-1: Swinging Strike
0-2: Strikes out swinging
Batting: LHB Scott Hines 0-0: Fly out, F8 (Flyball, 8LD, EV 93.1 MPH)
Top of the 9th over - 0 runs, 0 hits, 0 errors, 0 left on base; Providence 2 - Squirrel Hill 0
BOTTOM OF THE 9TH
Squirrel Hill Pierogis batting - Pitching for Providence Pilgrims : RHP César Sandoval
Pitching: LHP Lodovico Tadini
Batting: RHB Dave Hall 0-0: Ground out 5-3 (Groundball, 56, EV 85.6 MPH)
Batting: RHB Piedade Regueir 0-0: Ball
1-0: Ball
2-0: Foul Ball, location: 2F
2-1: Ball
3-1: Base on Balls
Batting: RHB Kane Blackwood 0-0: Ground out 5-3 (Groundball, 56S, EV 63.8 MPH)
Piedade Regueir to second
Batting: RHB Tao Kaukini 0-0: Called Strike
0-1: Ball
1-1: Called Strike
1-2: Fly out, F8 (Flyball, 78XD, EV 95.0 MPH)
Bottom of the 9th over - 0 runs, 0 hits, 0 errors, 1 left on base; Providence 2 - Squirrel Hill 0
Monday, October 31st , 2022 - OOTP Baseball 22.12 Build 89